 Dungeon Crawl Stone Soup version bcrawl-1.12-8-g964540c432 (webtiles) character file.

Game seed: 16629935754294977911

55 MisterOstroum the Sneak (level 3, -1/27 HPs)
             Began as a Vampire Rogue on June 10, 2019.
             Slain by an orc priest (4 damage)
             ... on level 2 of the Dungeon.
             The game lasted 00:01:31 (1219 turns).

MisterOstroum the Sneak (Vampire Rogue)             Turns: 1219, Time: 00:01:31

Health: -1/27      AC:  3    Str: 14    XL:     3   Next: 67%
Magic:  4/4        EV: 11    Int: 11    God:
Gold:   12         SH:  0    Dex: 15    Spells: 2/2 levels left

rFire    . . .     SeeInvis +   a - +2 dagger
rCold    + . .     Gourm    .   (no shield)
rNeg     + + .     Faith    .   c - +0 robe
rPois    ∞         Spirit   .   (no helmet)
rElec    .         Reflect  .   d - +0 cloak
rCorr    .         Harm     .   (no gloves)
MR       .....                  (no boots)
Stlth    +++++.....             (no amulet)
HPRegen  0.04/turn              (no ring)
MPRegen  0.09/turn              (no ring)

@: regenerating slowly
A: claws 1, fangs 3, see invisible, unbreathing
a: no special abilities


You were on level 2 of the Dungeon.
You were thirsty.

You visited 1 branch of the dungeon, and saw 2 of its levels.

You collected 12 gold pieces.

Inventory:

Hand Weapons
 a - a +2 dagger (weapon)
 b - a +0 blowgun
Missiles
 e - 80 poisoned needles
 i - 413 stones (quivered)
Armour
 c - a +0 robe (worn)
 d - a +0 cloak (worn)
Jewellery
 k - a +6 ring of dexterity {unknown}
Wands
 f - a wand of flame (15)
 g - a wand of enslavement (15)
Scrolls
 j - 3 scrolls of remove curse {unknown}
 l - a scroll of teleportation {unknown}
 m - a scroll of amnesia {unknown}
 o - 4 scrolls of identify {unknown}
Potions
 h - 16 potions of blood
 n - a potion of heal wounds {unknown}


   Skills:
 + Level 1.8 Fighting
 + Level 3.6 Short Blades
 - Level 2.0 Throwing
 - Level 6.4 Stealth
 - Level 2.0 Evocations


You had 2 spell levels left.
You didn't know any spells.
Your spell library was empty.

Dungeon Overview and Level Annotations

Branches:
Dungeon (2/12)

Altars:
Elyvilon


Innate Abilities, Weirdness & Mutations

You heal slowly.
You are immune to poison.
You have sharp fingernails.
You have razor-sharp teeth.
You have supernaturally acute eyesight. (SInv)
You can survive without breathing.


Message History

You are feeling thirsty.
You bottle the corpse's blood.
Things that are here:
a potion of blood; a quokka skeleton
h - 15 potions of blood (gained 1)
You see here a quokka skeleton.
You bottle the corpse's blood.
h - 16 potions of blood (gained 1)
j - 3 scrolls labeled XORODURGH EMORO (gained 1)
Found a stone staircase leading up.
Found a ration.
Found a white marble altar of Elyvilon.
No target in view!
A rat comes into view.
A rat is nearby!
The helpless rat fails to defend itself.
You bite the rat, and draw its blood!
You feel slightly less thirsty.
You skewer the rat like a kebab!!!
You kill the rat!
No target in view!
No target in view!
No target in view!
No target in view!
No target in view!
No target in view!
No target in view!
No target in view!
No target in view!
No target in view!
There is a white marble altar of Elyvilon here.
You kneel at the altar of Elyvilon.
Elyvilon does not accept worship from those such as you!
A giant cockroach comes into view.
A giant cockroach is nearby!
The helpless giant cockroach fails to defend itself.
You impale the giant cockroach!!
You kill the giant cockroach!
No target in view!
No target in view!
No target in view!
No target in view!
No target in view!
No target in view!
No target in view!
No target in view!
No target in view!
No target in view!
No target in view!
A bat comes into view.
A bat is nearby!
A worm comes into view.
A kobold comes into view. It is wielding a +0 club.
The kobold hits you with a +0 club.
You hit the kobold.
The kobold is moderately wounded.
The kobold hits you with a +0 club.
You hit the kobold.
You kill the kobold!
An orc wizard comes into view. It is wielding a +0 dagger.
The helpless worm fails to defend itself.
You skewer the worm like a kebab!!!
You kill the worm!
A rat comes into view.
You see here a worm corpse. 3 orcs and an orc priest come into view.
An orc is wielding a +1 whip of flaming.
The orc shouts!
The orc wizard shouts!
The orc shouts!
The orc wizard miscasts a cantrip.
The orc priest shouts!
You hit the orc wizard.
The orc wizard is lightly wounded.
The orc priest invokes the aid of Beogh against you.
Beogh smites you!
Ouch! That really hurt!
* * * LOW HITPOINT WARNING * * *
The orc wizard barely misses you. The rat closely misses you.
You are too injured to fight recklessly!
You are too injured to fight recklessly!
You are too injured to fight recklessly!
You are too injured to fight recklessly!
You are too injured to fight recklessly!
There are monsters nearby!
You are too injured to fight recklessly!
You are too injured to fight recklessly!
You are too injured to fight recklessly!
You are too injured to fight recklessly!
You are too injured to fight recklessly!
You are too injured to fight recklessly!
You completely miss the orc priest.
The orc wizard hits you but does no damage.
The rat barely misses you.
You closely miss the orc priest. Your bite misses the orc priest.
The orc priest hits you.
* * * LOW HITPOINT WARNING * * *
The orc wizard hits you with a +0 dagger.
* * * LOW HITPOINT WARNING * * *
The rat closely misses you.
You hit the orc priest but do no damage.
The orc priest hits you.
You die...

#. #.# #.# #.
#.### #.##
#.###...## .
..b.# .#.....r.#
.. ....###.#
#..@o# .. #..#).#
#..#o#
#.##.....###..#o#
#..........†..#o#
####.....####.#o#
#.....# #.#..
#### ###.###
#.... ...# #.#
#.### ...#####.#
#..


You could see an orc priest, an orc wizard, 3 orcs and a rat.

Vanquished Creatures
  A worm (D:2)
  2 dart slugs (D:1)
  4 leopard geckos
  2 orcs (D:2)
  3 giant cockroaches
  3 goblins (D:1)
  4 hobgoblins (D:1)
  4 jackals (D:2)
  A quokka (D:2)
  3 bats
  A frilled lizard (D:1)
  5 kobolds
  7 rats
40 creatures vanquished.

Notes
Turn   | Place    | Note
-------+----------+-------------------------------------------
     0 | D:1      | MisterOstroum the Vampire Rogue began the quest for the
                  | Orb.
     0 | D:1      | Reached XP level 1. HP: 13/13 MP: 2/2
   262 | D:1      | Reached XP level 2. HP: 20/20 MP: 3/3
   330 | D:1      | Reached skill level 1 in Fighting
   725 | D:1      | Reached XP level 3. HP: 26/26 MP: 4/4
  1171 | D:2      | Found a white marble altar of Elyvilon.
  1219 | D:2      | Slain by an orc priest

Skill      XL: |  1  2 |
---------------+-------+-----
Fighting       | 1 |  1.8
Short Blades   | 3 |  3.6
Throwing       | 2 |  2.0
Stealth        | |  6.4
Evocations     | |  2.0

Action                   || total
-------------------------++-------
Melee: Dagger            ||    88
       Bite              ||     6
 Stab: Sleeping          ||    14
Armor: Robe              ||    17
Dodge: Dodged            ||    38
